 Dungeon Crawl Stone Soup version 0.31-a0-1576-ga3383bade6 (webtiles) character file.

Game seed: 12838685128628413078

10678 mopl the Martial Artist (level 11, -9/74 HPs)
             Began as an Octopode Shapeshifter on Jan 4, 2024.
             Was the Champion of Uskayaw.
             Mangled by a tengu warrior
             ... wielding a +3 war axe
              (19 damage)
             ... on level 9 of the Dungeon.
             The game lasted 00:15:13 (7572 turns).

mopl the Martial Artist (Octopode Shapeshifter)     Turns: 7572, Time: 00:15:13

Health: -9/74      AC:  5    Str: 19    XL:     11   Next: 65%
Magic:  14/14      EV: 20    Int: 25    God:    Uskayaw [******]
Gold:   75         SH:  0    Dex: 30    Spells: 10/10 levels left

rFire   + .          .
                       - Unarmed
rCold   . . .        (no shield)
rNeg    . . .        (helmet currently unavailable)
rPois   .            A - amulet of regeneration
rElec   .            e - +4 ring of protection
rCorr   .            g - +6 ring of dexterity
SInv    +            q - ring "Ceguax" {+Blink rC+ Dex+2 SInv}
Will    .....        m - ring of fire
Stlth   +++          M - +6 ring of intelligence
HPRegen 1.12/turn    E - ring "Quiw" {Fly Str+6 Dex+6}
MPRegen 0.14/turn    P - +6 ring of intelligence
                     (no ring)

%: no passive effects
@: beast-form, flying
A: beast (slay +4), almost no armour, amphibious, 8 rings, camouflage 1,
gelatinous body 1, (nimble swimmer 1), tentacles
a: Begin Untransformation, Renounce Religion, Evoke Blink, Stomp, Line Pass,
Grand Finale


You were on level 9 of the Dungeon.
You worshipped Uskayaw.
Uskayaw was noncommittal.
You were a hulking beast.
You visited 2 branches of the dungeon, and saw 10 of its levels.

You collected 622 gold pieces.
You spent 547 gold pieces at shops.

Inventory:

Missiles
 z - 3 boomerangs (quivered)
 D - 5 atropa-tipped darts
 N - a curare-tipped dart
 Q - 16 poisoned darts
Armour
 L - a +0 kite shield
Jewellery
 e - a +4 ring of protection (left tentacle)
 g - a +6 ring of dexterity (right tentacle)
 m - a ring of fire (on tentacle)
 q - the ring "Ceguax" (on tentacle) {+Blink rC+ Dex+2 SInv}
   (You found it on level 3 of the Dungeon)

   [ring of see invisible]

   Dex+2:     It affects your dexterity (+2).
   rC+:       It protects you from cold.
   SInv:      It lets you see invisible.
   +Blink:    It lets you blink.
 A - an amulet of regeneration (around mantle)
 E - the ring "Quiw" (on tentacle) {Fly Str+6 Dex+6}
   (You found it on level 5 of the Dungeon)

   [ring of strength]

   Str+6:     It affects your strength (+6).
   Dex+6:     It affects your dexterity (+6).
   Fly:       It grants you flight.
 M - a +6 ring of intelligence (on tentacle)
 P - a +6 ring of intelligence (on tentacle)
Talismans
 b - a beast talisman
 p - a flux talisman
Wands
 c - a wand of iceblast (5)
 s - a wand of charming (5)
 u - a wand of polymorph (12)
 v - a wand of flame (58)
Scrolls
 d - 3 scrolls of teleportation {unknown}
 h - 4 scrolls of identify
 i - 6 scrolls of fog
 k - 3 scrolls of revelation {unknown}
 o - 2 scrolls of poison {unknown}
 r - 2 scrolls of enchant armour {unknown}
 t - 2 scrolls of vulnerability {unknown}
 x - a scroll of enchant weapon {unknown}
 y - a scroll of blinking {unknown}
 C - a scroll of torment {unknown}
 G - a scroll of amnesia {unknown}
 O - a scroll of immolation {unknown}
Potions
 a - 4 potions of lignification {!q}
 f - 2 potions of ambrosia
 j - a potion of attraction
 l - 3 potions of curing
 n - 2 potions of heal wounds
 w - 2 potions of enlightenment
 B - 2 potions of brilliance
 H - a potion of mutation {!q}
 I - 3 potions of berserk rage {!q}
 J - 3 potions of might
 R - 2 potions of haste
 S - a potion of magic
 T - a potion of cancellation
Miscellaneous
 K - a tin of tremorstones (2/2)


   Skills:
 + Level 6.7 Fighting
 + Level 7.1 Dodging
 * Level 10.0 Unarmed Combat
 + Level 4.9 Invocations
 + Level 6.5 Evocations
 * Level 9.2 Shapeshifting


You had 10 spell levels left.
You didn't know any spells.
Your spell library contained the following spells:

 Spells                   Type           Power      Damage    Failure   Level
 Sandblast                Erth           0%         2d4       14%         1
 Fugue of the Fallen      Necr           0%         N/A       38%         3
 Ozocubu's Armour         Ice            0%         N/A       38%         3
 Passwall                 Erth           0%         N/A       38%         3
 Stone Arrow              Conj/Erth      0%         3d7       38%         3
 Brom's Barrelling Bould  Conj/Erth      0%         2d3       80%         4
 Manifold Assault         Tloc           0%         N/A       80%         4
 Alistair's Intoxication  Alch           0%         N/A       98%         5
 Borgnjor's Vile Clutch   Necr/Erth      0%         N/A       98%         5
 Eringya's Noxious Bog    Alch           0%         4d6       100%        6


Dungeon Overview and Level Annotations

Branches:
Dungeon (9/15)             Temple (1/1) D:7            Lair (0/5) D:8
    Orc: D:9-12

Altars:
Ashenzari
Cheibriados
Dithmenos
Elyvilon
Fedhas
Gozag
Hepliaklqana
Kikubaaqudgha
Makhleb
Nemelex Xobeh
Okawaru
Ru
Sif Muna
Trog
Uskayaw
Vehumet
Wu Jian
Yredelemnul
Zin
The Shining One

Shops:
D:1 ?   D:2 *([   D:3 (   D:7 !


Innate Abilities, Weirdness & Mutations

You are a hulking beast.
Your limbs bulge with bestial killing power. (Slay +4)
You cannot wear most types of armour.
You are amphibious.
You can wear up to eight rings at the same time.
Your skin changes colour to match your surroundings (Stealth+).
Your rubbery body absorbs attacks. (AC +1, EV +1)
((You are camouflaged when in or above water. (Stealth+)))
You have tentacles for arms and can constrict up to eight enemies at once.


Message History

You constrict the tengu warrior.
The tengu warrior completely misses you.
The tengu warrior pecks you but does no damage.
The tengu warrior claws you but does no damage.
You bludgeon the tengu warrior!
The tengu warrior is moderately wounded.
You constrict the tengu warrior.
The tengu warrior hits you with a +3 war axe!
The tengu warrior pecks you. The tengu warrior claws you.
You are too injured to fight recklessly!
You tentacle-slap the tengu warrior. x2
The tengu warrior is heavily wounded.
You constrict the tengu warrior. The tengu warrior slips past you!
The tengu warrior closely misses you.
The tengu warrior pecks you but does no damage.
The tengu warrior claws you but does no damage.
Aiming: Grand Finale
Press: ? - help, Shift-Dir - straight line, f/p - tengu warrior
Aim: a tengu warrior, wielding a +3 war axe, wearing a +0 leather armour and wearing the ring "Hauq" {Fire +Blink Dex+4} (heavily wounded, constricted by you)
Okay, then.
Aiming: Grand Finale
Press: ? - help, Shift-Dir - straight line, f/p - tengu warrior
Aim: a tengu warrior, wielding a +3 war axe, wearing a +0 leather armour and wearing the ring "Hauq" {Fire +Blink Dex+4} (heavily wounded, constricted by you)
You fail to use your ability.
You constrict the tengu warrior.
The tengu warrior hits you but does no damage.
The tengu warrior pecks you.
The tengu warrior claws you but does no damage.
Aiming: Grand Finale
Press: ? - help, Shift-Dir - straight line, f/p - tengu warrior
Aim: a tengu warrior, wielding a +3 war axe, wearing a +0 leather armour and wearing the ring "Hauq" {Fire +Blink Dex+4} (heavily wounded, constricted by you)
You fail to use your ability.
You constrict the tengu warrior.
The tengu warrior hits you with a +3 war axe!
* * * LOW HITPOINT WARNING * * *
The tengu warrior misses you. The tengu warrior barely misses you.
Aiming: Grand Finale
Press: ? - help, Shift-Dir - straight line, f/p - tengu warrior
Aim: a tengu warrior, wielding a +3 war axe, wearing a +0 leather armour and wearing the ring "Hauq" {Fire +Blink Dex+4} (heavily wounded, constricted by you)
You fail to use your ability.
You constrict the tengu warrior!
The tengu warrior hits you with a +3 war axe!!
You die...

##.......#.........).......###
#...##..####...............#
#####.#..# ###................
..##.....# #..................
.........###..................
....5#..)..[)................
#....###...............#....
###..>.##......Q.......##..
#............)..h.......#
.........................
.......#5)..............
..........#.............
.........##....###......
....)..###.....# ......
........ #.....# ......
.....#.......### .)....
#.##.##..


You could see a tengu warrior.

Vanquished Creatures
  A hydra (D:9)
  A centaur warrior (D:9)
  2 two-headed ogres
  A deep elf pyromancer (D:7)
  A manticore (D:7)
  Maurice (D:9)
  Jeremiah (D:8)
  A kobold demonologist (D:9)
  Psyche (D:8)
  A troll (D:7)
  Sigmund (D:2)
  6 yaks (D:9)
  A steam dragon (D:7)
  2 acid dragons
  Edmund (D:4)
  3 water moccasins
  A sky beast (D:7)
  An ice beast (D:6)
  6 black bears
  An orc warrior (D:8)
  A centaur (D:7)
  3 kobold brigands (D:8)
  7 bullfrogs
  A gnoll sergeant (D:8)
  4 scorpions
  10 wights
  6 howler monkeys
  Crazy Yiuf (D:2)
  3 bombardier beetles
  6 hounds
  2 jellies
  A gnoll bouda (D:8)
  6 orc priests
  A sleepcap (D:8)
  3 iguanas
  10 orc wizards
  5 adders
  12 gnolls
  2 shadow imps (D:5)
  3 white imps
  5 ufetubi
  2 dart slugs
  3 ribbon worms
  23 orcs
  3 ball pythons
  6 bats
  7 endoplasms
  4 giant cockroaches
  4 goblins
  3 hobgoblins
  14 kobolds
  2 quokkas
  2 frilled lizards
  2 rats
201 creatures vanquished.

Vanquished Creatures (collateral kills)
  A manticore (D:7)
  A wraith (D:7)
  A black bear (D:7)
  An ogre (D:7)
  An orc (D:8)
5 creatures vanquished.

Vanquished Creatures (others)
  A water moccasin (D:8)
  A kobold (D:8)
2 creatures vanquished.

Grand Total: 208 creatures vanquished

Notes
Turn   | Place    | Note
-------+----------+-------------------------------------------
     0 | D:1      | mopl the Octopode Shapeshifter began the quest for the Orb.
     0 | D:1      | Reached XP level 1. HP: 13/13 MP: 1/1
   269 | D:1      | Reached XP level 2. HP: 18/18 MP: 2/2
   383 | D:1      | Found Ujuur's Magic Scroll Boutique.
   391 | D:1      | Bought a scroll of noise for 11 gold pieces
   451 | D:1      | Found a faded altar of an unknown god.
   905 | D:2      | Found Taehell's General Store.
   934 | D:2      | Noticed Sigmund
   945 | D:2      | Killed Sigmund
   946 | D:2      | Reached skill level 2 in Fighting
   946 | D:2      | Reached skill level 4 in Unarmed Combat
   946 | D:2      | Reached skill level 4 in Shapeshifting
   946 | D:2      | Reached XP level 3. HP: 10/24 MP: 3/3
   946 | D:2      | Reached XP level 4. HP: 12/29 MP: 4/4
   946 | D:2      | Reached XP level 5. HP: 14/34 MP: 5/5
  1107 | D:2      | Found Keighi's Antique Armour Shop.
  1432 | D:2      | Found Plog's Antique Weapon Shop.
  1463 | D:2      | Bought a scroll of fog for 52 gold pieces
  1624 | D:2      | Found a runed translucent door.
  1625 | D:2      | Noticed Crazy Yiuf
  1631 | D:2      | Killed Crazy Yiuf
  1749 | D:3      | Identified the ring "Ceguax" {+Blink rC+ Dex+2 SInv}
  1851 | D:3      | Reached skill level 3 in Dodging
  1851 | D:3      | Reached XP level 6. HP: 40/40 MP: 6/6
  1968 | D:3      | Found Fuozxes's Antique Weapon Emporium.
  2485 | D:4      | Found a hazy altar of Hepliaklqana.
  2575 | D:4      | Noticed Edmund
  2581 | D:4      | Found a bloodstained altar of Trog.
  2811 | D:4      | Killed Edmund
  2812 | D:4      | Reached skill level 1 in Evocations
  3046 | D:4      | Reached XP level 7. HP: 45/45 MP: 7/7
  3048 | D:4      | Reached skill level 5 in Unarmed Combat
  3288 | D:4      | Reached skill level 3 in Fighting
  3382 | D:4      | Reached skill level 5 in Shapeshifting
  3839 | D:5      | Entered Level 5 of the Dungeon
  3954 | D:5      | Reached skill level 2 in Evocations
  4172 | D:5      | Reached XP level 8. HP: 52/52 MP: 8/8
  4190 | D:5      | Reached skill level 4 in Dodging
  4233 | D:5      | Reached skill level 6 in Unarmed Combat
  4534 | D:5      | Reached skill level 3 in Evocations
  4536 | D:5      | Identified the ring "Quiw" {Fly Str+6 Dex+6}
  4750 | D:6      | Reached skill level 4 in Fighting
  4750 | D:6      | Reached skill level 6 in Shapeshifting
  5418 | D:7      | Reached XP level 9. HP: 58/58 MP: 9/9
  5445 | D:7      | Reached skill level 7 in Unarmed Combat
  5519 | D:7      | Found Luocips's Distillery.
  5527 | D:7      | Bought a potion of heal wounds for 55 gold pieces
  5527 | D:7      | Bought a potion of berserk rage for 55 gold pieces
  5527 | D:7      | Bought a potion of enlightenment for 55 gold pieces
  5541 | D:7      | Reached skill level 5 in Dodging
  5651 | D:7      | Reached skill level 4 in Evocations
  5679 | D:7      | Found a staircase to the Ecumenical Temple.
  5750 | Temple   | Entered the Ecumenical Temple
  5761 | Temple   | Became a worshipper of Uskayaw the Reveller
  5822 | D:7      | Noticed a two-headed ogre
  5827 | D:7      | Reached * piety under Uskayaw
  5829 | D:7      | Reached ** piety under Uskayaw
  5832 | D:7      | Reached *** piety under Uskayaw
  5835 | D:7      | Reached **** piety under Uskayaw
  5843 | D:7      | Killed a two-headed ogre
  5844 | D:7      | Reached skill level 5 in Fighting
  5844 | D:7      | Reached skill level 1 in Invocations
  5844 | D:7      | Reached skill level 7 in Shapeshifting
  5913 | D:7      | Noticed a troll
  5913 | D:7      | Noticed a manticore
  5918 | D:7      | Killed a manticore
  5919 | D:7      | Reached skill level 8 in Unarmed Combat
  5919 | D:7      | Reached skill level 2 in Invocations
  5919 | D:7      | Reached XP level 10. HP: 59/66 MP: 11/11
  5937 | D:7      | Noticed a manticore
  5950 | D:7      | Killed a manticore
  5951 | D:7      | Reached skill level 5 in Evocations
  6087 | D:7      | Noticed a deep elf pyromancer
  6094 | D:7      | Killed a deep elf pyromancer
  6095 | D:7      | Reached skill level 6 in Dodging
  6095 | D:7      | Reached skill level 3 in Invocations
  6610 | D:8      | Reached skill level 8 in Shapeshifting
  6637 | D:8      | Reached ***** piety under Uskayaw
  6665 | D:8      | Identified the +2 mace of Ferocious Action {holy, rF+}
  6711 | D:8      | Found a staircase to the Lair.
  6711 | D:8      | Noticed Jeremiah
  6742 | D:8      | Reached ****** piety under Uskayaw
  6753 | D:8      | Noticed Psyche
  6849 | D:8      | Killed Psyche
  6850 | D:8      | Reached skill level 6 in Fighting
  6850 | D:8      | Reached skill level 9 in Unarmed Combat
  6859 | D:8      | Killed Jeremiah
  6893 | D:8      | Reached XP level 11. HP: 72/72 MP: 13/13
  6953 | D:8      | Reached skill level 4 in Invocations
  7167 | D:7      | Bought a potion of magic for 88 gold pieces
  7167 | D:7      | Bought a potion of haste for 110 gold pieces
  7167 | D:7      | Bought a potion of cancellation for 88 gold pieces
  7167 | D:7      | Bought a potion of lignification for 33 gold pieces
  7249 | D:9      | Reached skill level 6 in Evocations
  7294 | D:9      | Noticed Maurice
  7304 | D:9      | Noticed a two-headed ogre
  7314 | D:9      | Noticed a centaur warrior
  7315 | D:9      | Killed a two-headed ogre
  7323 | D:9      | Maurice stole a flux talisman
  7326 | D:9      | Killed a centaur warrior
  7327 | D:9      | Reached skill level 9 in Shapeshifting
  7451 | D:9      | Noticed a four-headed hydra
  7523 | D:9      | Maurice stole a +0 kite shield
  7524 | D:9      | Maurice stole 4 boomerangs
  7527 | D:9      | Maurice stole 51 gold
  7528 | D:9      | Killed Maurice
  7529 | D:9      | Reached skill level 7 in Dodging
  7551 | D:9      | Killed a four-headed hydra
  7552 | D:9      | Reached skill level 10 in Unarmed Combat
  7560 | D:9      | Identified the ring "Hauq" {Fire +Blink Dex+4}
  7560 | D:9      | Noticed a tengu warrior
  7572 | D:9      | Mangled by a tengu warrior

Illustrated notes

Levels and vault maps discovered:
D:1:      elethiomel_arrival_shortcut, layout_basic, serial_shops, shop,
          hellmonk_ecumenical_altar_leap_of_faith
D:2:      layout_basic, serial_shops, nicolae_shop_window_shopping,
          nicolae_shop_real_fake_doors, shop, uniq_sigmund,
          uniq_crazy_yiuf_cottage
D:3:      layout_loops_corners, serial_shops, shop
D:4:      layout_layer_cave, mainiacjoe_overflow_catch_the_wave,
          kennysheep_generic_room_16, uniq_edmund
D:5:      minmay_octagon_keep, layout_cave_pods
D:6:      layout_cave_pods, nrook_mini_vaults
D:7:      minmay_the_grid_octo_triangle [minmay_the_grid_octo_fat_diamond,
          minmay_the_grid_octo_prize_big_c, minmay_the_grid_octo_horde],
          layout_basic, temple_hall, serial_shops, shop, nicolae_benzene_ring
D:8:      layout_basic, due_lair_maze_entry_diamond, minmay_between,
          uniq_jeremiah, uniq_psyche
D:9:      minmay_chopped_fan, layout_cave_pools, mainiacjoe_overflow_two_lobes,
          minmay_misc_feat_tower, nicolae_looking_at_the_future, uniq_maurice
Temple:   mainiacjoe_temple_coin_purse

Skill      XL: |  1  2  3  4  5  6  7  8  9 10 11 |
---------------+----------------------------------+-----
Fighting       | 2 3 4 5 6 |  6.7
Unarmed Combat | 4 5 6 8 9 10 | 10.0
Shapeshifting  | 4 5 6 7 8 9 |  9.2
Dodging        | 3 4 5 6 7 |  7.1
Evocations     | 1 2 3 4 5 6 |  6.5
Invocations    | 2 3 4 |  4.9

Action                     |  1- 3 |  4- 6 |  7- 9 | 10-12 || total
---------------------------+-------+-------+-------+-------++-------
  Melee: Unarmed           |    28 |    70 |   163 |   200 ||   461
         Constrict         |     6 |    21 |    48 |    54 ||   129
         Tentacles         |     4 |    20 |    53 |    54 ||   131
         Punch             |       |     4 |    12 |    20 ||    36
  Throw: Boomerang         |       |       |     1 |     9 ||    10
 Invoke: Line Pass         |       |       |     1 |       ||     1
         Grand Finale      |       |       |       |     1 ||     1
Ability: Evoke Blink       |       |       |     1 |     1 ||     2
  Evoke: Wand              |       |       |     3 |     1 ||     4
    Use: Scroll            |       |       |       |     8 ||     8
         Potion            |       |       |       |     4 ||     4
   Stab: Sleeping          |     6 |     7 |     4 |     1 ||    18
         Paralysed         |       |       |     2 |    14 ||    16
         Confused          |       |       |     1 |       ||     1
         Betrayed ally     |       |       |       |     1 ||     1
         Distracted        |       |       |       |     1 ||     1
         Invisible         |       |       |       |     1 ||     1
 Armour: Skin              |     7 |    21 |    80 |    92 ||   200
  Dodge: Dodged            |     6 |    35 |   117 |   222 ||   380

Table legend: (Time is in decaauts)
 A = Elapsed time spent in this place.
 B = Non-inter-level travel time spent in this place.
 C = Inter-level travel time spent in this place.
 D = Time resting spent in this place.
 E = Time spent auto-exploring this place.
 F = Levels seen in this place.
 G = Mean time per level.
                   A        B        C        D        E       F      G
               +--------+--------+--------+--------+--------+-----+--------+
         Total |   7495 |   7124 |    371 |    359 |   5196 |  10 |  749.5 |
       Dungeon |   7472 |   7113 |    359 |    359 |   5196 |   9 |  830.2 |
        Temple |     22 |     11 |     11 |      0 |      0 |   1 |   22.0 |
               +--------+--------+--------+--------+--------+-----+--------+

Top non-repeatable levels by time:
     D:4: 1393 daAuts
     D:7: 1198 daAuts
     D:1: 903 daAuts
     D:5: 797 daAuts
     D:3: 775 daAuts
     D:2: 753 daAuts
     D:6: 728 daAuts
     D:8: 685 daAuts
     D:9: 237 daAuts
  Temple: 22 daAuts
